 Dungeon Crawl Stone Soup version 0.30-a0-691-g754fce4c43 (webtiles) character file.

Game seed: 4666678788328952086

313 CrazyBamboolord the Insei (level 6, 0/39 HPs)
             Began as an Octopode Transmuter on Jan 19, 2023.
             Slain by a worm (6 damage)
             ... on level 4 of the Dungeon.
             The game lasted 00:08:57 (2733 turns).

CrazyBamboolord the Insei (Octopode Transmuter)     Turns: 2733, Time: 00:08:57

Health: 0/39       AC:  1    Str:  9    XL:     6   Next: 43%
Magic:  11/11      EV: 13    Int: 18    God:
Gold:   262        SH:  0    Dex: 12    Spells: 5/11 levels left

rFire   . . .      SeeInvis .      - Unarmed
rCold   . . .      Faith    .    (no shield)
rNeg    . . .      Spirit   .    (helmet currently unavailable)
rPois   .          Reflect  .    g - amulet of regeneration
rElec   .          Harm     .    i - ring of willpower
rCorr   .          Rampage  .    (no ring)
Will    +....                    (no ring)
Stlth   ++                       (no ring)
HPRegen 1.06/turn                (no ring)
MPRegen 0.12/turn                (no ring)
                                 (no ring)
                                 (no ring)

@: appendages (expiring)
A: tentacle spike 3, almost no armour, amphibious, 8 rings, camouflage 1,
gelatinous body 1, (nimble swimmer 1), tentacles
a: End Transformation


You were on level 4 of the Dungeon.
One of your tentacles had grown a beastly spike.
You visited 1 branch of the dungeon, and saw 4 of its levels.
You also visited: Sewer.

You collected 262 gold pieces.

Inventory:

Armour
 j - a +0 buckler
Jewellery
 d - an amulet of the acrobat
 g - an amulet of regeneration (around mantle)
 i - a ring of willpower (left tentacle)
Wands
 r - a wand of paralysis (15)
Scrolls
 e - 2 scrolls of amnesia
 l - a scroll of enchant weapon
 m - a scroll of enchant armour
 p - a scroll of poison {unknown}
 s - a scroll of noise {unknown}
 t - a scroll of brand weapon {unknown}
Potions
 a - a potion of lignification
 b - 2 potions of attraction
 c - 2 potions of flight
 f - 2 potions of curing
 h - 4 potions of magic
 k - 3 potions of berserk rage {unknown}
 n - 2 potions of might {unknown}
 o - a potion of brilliance {unknown}
 q - a potion of haste {unknown}


   Skills:
 * Level 2.0 Fighting
 * Level 2.7 Dodging
 + Level 0.8 Stealth
 * Level 4.2 Unarmed Combat
 * Level 3.4 Spellcasting
 * Level 3.6 Transmutations
 * Level 1.8 Poison Magic


You had 5 spell levels left.
You knew the following spells:

 Your Spells              Type           Power      Damage    Failure   Level
a - Beastly Appendage     Tmut           32%        N/A       3%          1
b - Wereblood             Tmut           16%        N/A       5%          2
c - Spider Form           Tmut/Pois      12%        N/A       16%         3

Your spell library contained the following spells:

 Spells                   Type           Power      Damage    Failure   Level
 Shock                    Conj/Air       12%        1d3       16%         1
 Static Discharge         Conj/Air       6%         2-3/arc   24%         2
 Swiftness                Air            3%         N/A       43%         3
 Vhi's Electric Charge    Tloc/Air       6%         N/A       43%         3
 Ice Form                 Ice/Tmut       9%         N/A       58%         4
 Airstrike                Air            1%         2d(1-17)  83%         4
 Arcjolt                  Conj/Air       1%         1d11      99%         5
 Lightning Bolt           Conj/Air       1%         1d12      99%         5
 Maxwell's Capacitive Co  Air            1%         ∞         100%        8


Dungeon Overview and Level Annotations

Branches:
Dungeon (4/15)              Sewer (visited)
 Temple: D:4-7

Altars:

Shops:
D:2 =


Innate Abilities, Weirdness & Mutations

One of your tentacles has grown a beastly spike.
You cannot wear most types of armour.
You are amphibious.
You can wear up to eight rings at the same time.
Your skin changes colour to match your surroundings (Stealth+).
Your rubbery body absorbs attacks. (AC +1, EV +1)
((You are camouflaged when in or above water. (Stealth+)))
You have tentacles for arms and can constrict up to eight enemies at once.


Message History

The centaur shouts!
The worm barely misses you.
The centaur wields a +0 shortbow.
The centaur shoots an arrow.
The arrow closely misses you.
The ball python hisses angrily.
You tentacle-slap the worm but do no damage.
Your grab misses the worm.
Your tentacle spike misses the worm.
The centaur shoots an arrow.
The arrow hits you! The worm completely misses you.
You completely miss the worm. You grab the worm. You constrict the worm.
The centaur shoots an arrow.
The arrow hits you.
You tentacle-slap the worm. You squeeze the worm.
The worm is heavily wounded.
You constrict the worm. The worm bites you!
You release your grip on the worm.
The centaur shoots an arrow.
The arrow hits you.
You feel better. The ball python closely misses you.
The ball python completely misses you.
You tentacle-slap the ball python.
You kill the ball python!
The centaur shoots an arrow.
The arrow hits you.
You tentacle-slap the worm. Your grab misses the worm.
Your tentacle spike misses the worm.
You squeeze the worm, but do no damage.
The worm is moderately wounded.
Your transformation is almost over.
The centaur unwields a +0 shortbow.
The centaur barely misses you. The centaur kicks you.
A goblin comes into view. It is wielding a +2 dagger of venom.
The worm bites you! The centaur hits you. The centaur barely misses you.
You are too injured to fight recklessly!
You tentacle-slap the centaur.
Your tentacle spike misses the centaur.
The centaur is lightly wounded.
The centaur closely misses you. The centaur kicks you.
You tentacle-slap the centaur. Your squeeze misses the centaur.
The centaur is moderately wounded.
The centaur hits you.
* * * LOW HITPOINT WARNING * * *
The centaur kicks you.
* * * LOW HITPOINT WARNING * * *
The worm bites you.
You die...

.. ..#..... .. ##..
...... ...
#...##..... ..
..?... ... .####
).....##.####.....
............$.....
.........c....#
.....g...w@...#
........##...### .
.....######..#.##..
.....## #..........
........
#.......##.
...<....##........#
# ......#.........#
...............##
...............##.


You could see a centaur, a worm and a goblin.

Vanquished Creatures
  A kobold brigand (Sewer)
  2 orc priests
  6 gnolls
  3 adders
  2 worms
  2 dart slugs (D:1)
  5 orcs (D:3)
  4 bats
  5 endoplasms
  4 giant cockroaches
  2 goblins
  8 hobgoblins
  A quokka (D:2)
  14 ball pythons
  2 frilled lizards
  21 kobolds
  7 rats
89 creatures vanquished.

Vanquished Creatures (others)
  2 plants (Sewer)
2 creatures vanquished.

Grand Total: 91 creatures vanquished

Notes
Turn   | Place    | Note
-------+----------+-------------------------------------------
     0 | D:1      | CrazyBamboolord the Octopode Transmuter began the quest for
                  | the Orb.
     0 | D:1      | Reached XP level 1. HP: 13/13 MP: 3/3
   216 | D:1      | Reached XP level 2. HP: 11/18 MP: 3/5
   348 | D:1      | Learned a level 2 spell: Wereblood
   716 | D:2      | Reached XP level 3. HP: 23/23 MP: 0/6
  1049 | D:1      | Reached XP level 4. HP: 16/28 MP: 5/8
  1080 | D:2      | HP: 1/28 [gnoll/+0 whip (9)]
  1134 | D:2      | Found Ryiloj's Jewellery Emporium.
  1194 | D:2      | Learned a level 3 spell: Spider Form
  1246 | D:3      | Found a glowing drain.
  1267 | Sewer    | Entered a sewer
  1582 | Sewer    | Noticed a kobold brigand
  1589 | Sewer    | Killed a kobold brigand
  1590 | Sewer    | Reached skill level 1 in Poison Magic
  1590 | Sewer    | Reached XP level 5. HP: 23/34 MP: 6/9
  1759 | D:3      | Reached skill level 4 in Unarmed Combat
  2401 | D:3      | Reached XP level 6. HP: 15/39 MP: 8/10
  2733 | D:4      | Slain by a worm

Illustrated notes

Levels and vault maps discovered:
D:1:      minmay_arrival_semitransparent, layout_loops_cross
D:2:      layout_rooms, serial_shops, nicolae_lakefront_shop
D:3:      layout_loops_ring, cheibrodos_sewer_entry_bend, serial_glass,
          glass_columns_b, glass_columns_a, feat_on_display, item_on_display_a,
          due_unseen_surprise
D:4:      layout_cave_pools, temple_doors_ab

Skill      XL: |  1  2  3  4  5  6 |
---------------+-------------------+-----
Spellcasting   | 3 |  3.4
Transmutations | 3 |  3.6
Poison Magic   | 1 |  1.8
Unarmed Combat | 4 |  4.2
Fighting       | 2 |  2.0
Dodging        | |  2.7
Stealth        | |  0.8

Action                   |  1- 3 |  4- 6 || total
-------------------------+-------+-------++-------
Melee: Unarmed           |    71 |   119 ||   190
       Constrict         |    19 |    35 ||    54
       Tentacles         |    12 |    21 ||    33
       Kick              |    20 |    39 ||    59
       Punch             |       |     5 ||     5
 Cast: Beastly Appendage |    20 |    37 ||    57
       Wereblood         |     2 |     5 ||     7
  Use: Scroll            |     6 |     4 ||    10
       Potion            |     1 |     3 ||     4
 Stab: Sleeping          |     1 |     1 ||     2
Armor: Skin              |     3 |    16 ||    19
Dodge: Dodged            |    37 |    88 ||   125

Table legend: (Time is in decaauts)
 A = Elapsed time spent in this place.
 B = Non-inter-level travel time spent in this place.
 C = Inter-level travel time spent in this place.
 D = Time resting spent in this place.
 E = Time spent auto-exploring this place.
 F = Levels seen in this place.
 G = Mean time per level.
                   A        B        C        D        E       F      G
               +--------+--------+--------+--------+--------+-----+--------+
         Total |   2729 |   2606 |    123 |     79 |   1832 |   5 |  545.8 |
       Dungeon |   2310 |   2187 |    123 |     49 |   1594 |   4 |  577.5 |
         Sewer |    418 |    418 |      0 |     30 |    238 |   1 |  418.0 |
               +--------+--------+--------+--------+--------+-----+--------+

Top non-repeatable levels by time:
     D:3: 792 daAuts
     D:1: 742 daAuts
     D:2: 461 daAuts
   Sewer: 418 daAuts
     D:4: 314 daAuts
